 Dungeon Crawl Stone Soup version 0.28.0-45-g0d030f2227 (console) character file.

Game seed: 9535640888574875867

64 Zeor the Poker (level 3, -3/33 HPs)
             Began as a Draconian Berserker on Apr 8, 2022.
             Was a Believer of Trog.
             Slain by an orc
             ... wielding a +0 flail
              (6 damage)
             ... on level 3 of the Dungeon.
             The game lasted 00:04:16 (2308 turns).

Zeor the Poker (Draconian Berserker)                Turns: 2308, Time: 00:04:17

Health: -3/33      AC:  5    Str: 19    XL:     3   Next: 91%
Magic:  3/3        EV: 12    Int:  7    God:    Trog [**....]
Gold:   43         SH:  0    Dex: 12    Spells: 2/2 levels left

rFire   . . .      SeeInvis .   a - +0 spear
rCold   . . .      Faith    .   (no shield)
rNeg    . . .      Spirit   .   (armour unavailable)
rPois   .          Reflect  .   (helmet restricted)
rElec   .          Harm     .   (no cloak)
rCorr   .          Rampage  .   (no gloves)
Will    .....                   (no boots)
Stlth   +.........              (no amulet)
HPRegen 0.11/turn               (no ring)
MPRegen 0.08/turn               (no ring)

@: brilliant
A: AC +5, unfitting armour, cold-blooded
a: Renounce Religion, Berserk, Trog's Hand


You were on level 3 of the Dungeon.
You worshipped Trog.
Trog was pleased with you.
You visited 1 branch of the dungeon, and saw 3 of its levels.

You collected 107 gold pieces.
You spent 64 gold pieces at shops.

Inventory:

Hand Weapons
 a - a +0 spear (weapon)
Scrolls
 d - a scroll of magic mapping
Potions
 c - 2 potions of haste
 e - 2 potions of brilliance


   Skills:
 + Level 3.7 Fighting
 * Level 4.1 Polearms
 * Level 3.2 Dodging


You had 2 spell levels left.
You didn't know any spells.
Your spell library was empty.

Dungeon Overview and Level Annotations

Branches:
Dungeon (3/15)

Altars:

Shops:
D:2 *


Innate Abilities, Weirdness & Mutations

Your plain brown scales are hard. (AC +5)
You cannot fit into any form of body armour.
You are cold-blooded and may be slowed by cold attacks.


Message History

You are confused.
You are too confused!
A magic dart appears from out of thin air!
The magic dart hits you.
There is a shaft here.
You bump into the rock wall.
You completely miss something. Something hits you.
You bump into the rock wall.
You miss something.
Your tail-slap misses something.
Something hits you. The orc hits you with a +0 flail.
You hit something but do no damage.
Your tail-slap misses something.
You feel less confused. Something hits you but does no damage.
You hit something but do no damage. The orc hits you but does no damage.
Something barely misses you.
You hit something but do no damage. The orc closely misses you.
You miss something. Something hits you. The orc barely misses you.
You feel better. Something hits you but does no damage. The orc misses you.
You hit something but do no damage.
Your tail-slap misses something.
Something hits you. The orc hits you with a +0 flail.
You hit something. Something hits you. The orc hits you with a +0 flail.
You hit something but do no damage.
Your tail-slap misses something.
You hear some strange, mumbled words.
You are confused.
The orc hits you with a +0 flail.
You hit the orc but do no damage. Something hits you but does no damage.
The orc hits you with a +0 flail!
* * * LOW HITPOINT WARNING * * *
You feel better. Something hits you but does no damage.
The orc hits you with a +0 flail!
* * * LOW HITPOINT WARNING * * *
It was a potion of cancellation.
You feel magically purged. Something hits you.
* * * LOW HITPOINT WARNING * * *
The orc closely misses you.
It was a potion of brilliance.
You feel clever all of a sudden. Something hits you.
* * * LOW HITPOINT WARNING * * *
The orc hits you with a +0 flail.
You die...

▒▒∙▒∙∙∙∙∙▒
▒∙∙∙∙∙∙∙∙>
▒▒∙▒▒▒▒<∙▒∙∙∙∙∙
∙∙∙∙<∙∙∙∙∙∙∙▒∙∙∙
∙▒∙∙∙o∙∙∙∙∙∙∙∙∙▒
∙∙∙▒∙▒▒▒)▒▒▒▒▒▒
∙▒ ▒∙ ▒†▒ ∙
▒o▒▒▒▒▒▒▒ ▒
▒d{∙∙∙∙∙∙
▒▒▒▒▒▒▒▒▒


You could see an orc.

Vanquished Creatures
  3 adders
  A dart slug (D:2)
  An orc (D:3)
  7 ball pythons
  An endoplasm (D:2)
  4 goblins
  2 hobgoblins
  4 kobolds (D:1)
  3 quokkas
  3 bats
  A frilled lizard (D:2)
  5 rats
35 creatures vanquished.

Notes
Turn   | Place    | Note
-------+----------+-------------------------------------------
     0 | D:1      | Zeor the Draconian Berserker began the quest for the Orb.
     0 | D:1      | Reached XP level 1. HP: 19/19 MP: 1/1
   400 | D:1      | Reached XP level 2. HP: 23/26 MP: 2/2
   447 | D:1      | Found a faded altar of an unknown god.
  1473 | D:2      | Reached ** piety under Trog
  1566 | D:2      | Reached XP level 3. HP: 21/31 MP: 3/3
  1848 | D:2      | Reached skill level 4 in Polearms
  2145 | D:2      | Found Akubbyurph's Assorted Antiques.
  2153 | D:2      | Bought a scroll of identify for 64 gold pieces
  2308 | D:3      | Slain by an orc

Illustrated notes

Levels and vault maps discovered:
D:1:      ncdulo_halloftheorcs, layout_basic, serial_corexii_hall,
          corexii_hall_statues_l, chequers_hall_statues_corner_a,
          corexii_hall_statues_s, corexii_hall_statues_l,
          corexii_hall_statues_x, corexii_hall_statues_x,
          basic_ecumenical_altar, grunt_decor_cap, minmay_ruptured
D:2:      kennysheep_big_flooded_room, layout_basic, serial_shops, shop
D:3:      minmay_angry_zag, layout_loops_ring, elyvilon_altar_4, uniq_sigmund

Skill      XL: |  1  2  3 |
---------------+----------+-----
Dodging        | 3 |  3.2
Polearms       | 4 |  4.1
Fighting       | |  3.7

Action                   || total
-------------------------++-------
Melee: Spear             ||   130
       Tailslap          ||     9
       Punch             ||     2
  Use: Scroll            ||     5
       Potion            ||     4
Armor: Skin              ||    23
Dodge: Dodged            ||    55
